 Dungeon Crawl Stone Soup version 0.29.1-2-gbd0b4ee654 (webtiles) character file.

Game seed: 17977231446961197523

74 PhantomBowie the Trooper (level 4, 0/41 HPs)
             Began as a Minotaur Fighter on Nov 30, 2022.
             Slain by an orc
             ... wielding a +0 trident
              (7 damage)
             ... on level 3 of the Dungeon.
             The game lasted 00:04:15 (1541 turns).

PhantomBowie the Trooper (Minotaur Fighter)         Turns: 1541, Time: 00:04:15

Health: 0/41       AC:  8    Str: 22    XL:     4   Next: 10%
Magic:  3/3        EV:  9    Int:  5    God:
Gold:   73         SH:  4    Dex: 10    Spells: 3/3 levels left

rFire   . . .      SeeInvis .   a - +0 flail
rCold   . . .      Faith    .   c - +0 buckler
rNeg    . . .      Spirit   .   b - +0 scale mail
rPois   .          Reflect  .   (helmet restricted)
rElec   .          Harm     .   (no cloak)
rCorr   .          Rampage  .   (no gloves)
Will    .....                   p - +0 pair of boots
Stlth   ..........              (no amulet)
HPRegen 0.13/turn               (no ring)
MPRegen 0.08/turn               (no ring)

@: no status effects
A: horns 2, retaliatory headbutt
a: no special abilities


You were on level 3 of the Dungeon.
You visited 1 branch of the dungeon, and saw 3 of its levels.

You collected 73 gold pieces.

Inventory:

Hand Weapons
 a - a +0 flail (weapon)
Armour
 b - a +0 scale mail (worn)
 c - a +0 buckler (worn)
 p - a +0 pair of boots (worn)
Wands
 l - a wand of digging (4)
Scrolls
 g - a scroll of noise {unknown}
 i - 2 scrolls of enchant weapon {unknown}
 j - 2 scrolls of identify {unknown}
 k - a scroll of butterflies {unknown}
 m - a scroll of poison {unknown}
 o - a scroll of vulnerability {unknown}
Potions
 d - a potion of might
 e - a potion of curing {unknown}
 f - a potion of attraction {unknown}
 h - a potion of lignification {unknown}
 n - a potion of resistance {unknown}


   Skills:
 + Level 4.3 Fighting
 + Level 3.3 Maces & Flails
 + Level 4.3 Armour
 + Level 4.3 Shields


You had 3 spell levels left.
You didn't know any spells.
Your spell library contained the following spells:

 Spells                   Type           Power      Damage    Failure   Level
 Magic Dart               Conj           0%         1d3       87%         1
 Call Imp                 Summ           0%         N/A       95%         2
 Ensorcelled Hibernation  Hex/Ice        0%         N/A       95%         2
 Passwall                 Tmut/Erth      0%         N/A       95%         2
 Sublimation of Blood     Necr           0%         N/A       95%         2
 Wereblood                Tmut           0%         N/A       95%         2
 Call Canine Familiar     Summ           0%         N/A       99%         3
 Mephitic Cloud           Conj/Pois/Air  0%         N/A       99%         3
 Portal Projectile        Hex/Tloc       0%         N/A       99%         3
 Swiftness                Air            0%         N/A       99%         3
 Leda's Liquefaction      Hex/Erth       0%         N/A       100%        4
 Summon Hydra             Summ           0%         N/A       100%        7


Dungeon Overview and Level Annotations

Branches:
Dungeon (3/15)

Altars:
Hepliaklqana

Shops:
D:2 [


Innate Abilities, Weirdness & Mutations

You have a pair of horns on your head.
You reflexively headbutt those who attack you in melee.


Message History

You kill the ball python!
You see here a ball python corpse.
You see here a +0 hand axe. 2 orcs come into view.
The orc shouts! x2; The kobold shouts!
You hit the orc.
The orc is severely wounded.
The orc hits you with a +0 flail.
You closely miss the orc. You headbutt the orc, but do no damage.
The orc is severely wounded.
You block the orc's attack.
You hit the orc.
You kill the orc!
The kobold hits you with a +0 club.
You barely miss the kobold.
The orc hits you from afar with a +0 trident.
The kobold hits you but does no damage.
You barely miss the kobold.
The orc hits you from afar with a +0 trident.
The kobold barely misses you.
You miss the kobold.
The orc hits you from afar with a +0 trident!
You block the kobold's attack. The orc barely misses you.
The kobold hits you but does no damage.
You barely miss the kobold. You headbutt the kobold.
You kill the kobold!
The orc hits you from afar with a +0 trident!
* * * LOW HITPOINT WARNING * * *
The orc closely misses you.
Things that are here:
a +0 club; 3 stones; a +0 flail You hit the orc but do no damage.
You block the orc's attack.
You hit the orc.
The orc is heavily wounded.
You block the orc's attack. The orc hits you with a +0 trident.
* * * LOW HITPOINT WARNING * * *
You hit the orc but do no damage. Your headbutt misses the orc.
The orc is heavily wounded.
The orc hits you with a +0 trident!
You die...

#.##.##..##......#
#........#####.####
####........##.# #
#...........†.# #
#.#........#######
#.#....K.........#
#.#..o...........#
#.#..............#
#@#..........<....
#.o....###.......#
###.#### #.......#
#.# #.......# #.#
######### #.# #..
###


You could see an orc.

Vanquished Creatures
  2 adders (D:2)
  A worm (D:3)
  3 dart slugs (D:1)
  An orc (D:3)
  6 bats
  2 endoplasms (D:1)
  5 hobgoblins
  3 quokkas
  7 ball pythons
  2 frilled lizards
  3 goblins
  5 kobolds
  4 rats
44 creatures vanquished.

Notes
Turn   | Place    | Note
-------+----------+-------------------------------------------
     0 | D:1      | PhantomBowie the Minotaur Fighter began the quest for the
                  | Orb.
     0 | D:1      | Reached XP level 1. HP: 19/19 MP: 0/0
   148 | D:1      | Reached XP level 2. HP: 27/27 MP: 1/1
   434 | D:1      | Reached XP level 3. HP: 33/33 MP: 2/2
  1119 | D:2      | You fall into a shaft and drop 1 floor!
  1131 | D:3      | Reached XP level 4. HP: 31/41 MP: 3/3
  1318 | D:2      | Found Bojuwelurgh's Antique Armour Shop.
  1466 | D:3      | Found a hazy altar of Hepliaklqana.
  1541 | D:3      | Slain by an orc

Illustrated notes

Levels and vault maps discovered:
D:1:      tarquinn_simple_flora_water_d, layout_loops_ring
D:2:      layout_rooms, serial_shops, shop
D:3:      layout_loops_cross, nicolae_overflow_crystal_walls,
          gammafunk_ghost_grave, hellmonk_ecumenical_altar_slurped_away

Skill      XL: |  1  2 |
---------------+-------+-----
Armour         | 4 |  4.3
Fighting       | 4 |  4.3
Shields        | 4 |  4.3
Maces & Flails | 3 |  3.3

Action                   |  1- 3 |  4- 6 || total
-------------------------+-------+-------++-------
Melee: Flail             |    82 |    16 ||    98
       Headbutt          |    10 |     2 ||    12
Armor: Scale mail        |    34 |     6 ||    40
Dodge: Dodged            |    36 |     5 ||    41
Block: Buckler           |    24 |     6 ||    30
